[Event "SWE-ch Masters 2018"]
[Site "Ronneby"]
[Date "2018.06.30"]
[Round "1"]
[White "Walinder, Lars"]
[Black "Svorono, Gabriel"]
[Result "1-0"]
[ECO "A34"]
[WhiteElo "2231"]
[BlackElo "2105"]
[Annotator "NA"]
[PlyCount "43"]
[EventDate "2018.06.30"]
[EventType "tourn"]
[EventCountry "SWE"]
[SourceTitle "playchess.com"]
[Source "ChessBase"]
[SourceQuality "1"]
[TimeControl "40/5400+30:1800+30"]

1. c4 Nf6 2. Nc3 c5 3. Nf3 d5 4. cxd5 Nxd5 5. e3 e6 6. Bc4 Nc6 7. O-O Be7 8. d4 cxd4 9. exd4 O-O 10. Bb3 Re8 11. Re1 a6 12. a3 g6 13. Ne4 b6 14. h4 Nf6 15. Neg5 h6 16. Nxe6 Bxe6 17. Bxe6 fxe6 18. Qc2 Qd5 19. Qxg6+ Kh8 20. Re5 Nxe5 21. Nxe5 Rf8 22. Bxh6 1-0

[Event "SWE-ch Masters 2018"]
[Site "Ronneby"]
[Date "2018.06.30"]
[Round "1"]
[White "Wengholm, Anders"]
[Black "Andersson, Paul"]
[Result "1-0"]
[ECO "A05"]
[WhiteElo "2186"]
[BlackElo "2099"]
[Annotator "NA"]
[PlyCount "81"]
[EventDate "2018.06.30"]
[EventType "tourn"]
[EventCountry "SWE"]
[SourceTitle "playchess.com"]
[Source "ChessBase"]
[SourceQuality "1"]
[TimeControl "40/5400+30:1800+30"]

1. Nf3 Nf6 2. c4 c5 3. Nc3 g6 4. e4 Bg7 5. d4 cxd4 6. Nxd4 d6 7. Be2 O-O 8. O-O Nc6 9. Be3 Bd7 10. Qd2 Rc8 11. f3 a6 12. Rab1 Nxd4 13. Bxd4 Be6 14. b3 Nd7 15. Bxg7 Kxg7 16. f4 f6 17. Nd5 Bf7 18. Rbd1 Nc5 19. Qe3 e6 20. Nc3 Qe7 21. Rd2 Rfd8 22. Rfd1 e5 23. f5 a5 24. h4 Na6 25. Qb6 Rc6 26. Qxa5 Rd7 27. Bf3 Qe8 28. Nb5 Qe7 29. Qa3 Nc5 30. g4 h5 31. Nc3 gxf5 32. gxf5 Rd8 33. Qb2 Rg8 34. Rg2+ Kf8 35. Rxg8+ Bxg8 36. Kh2 Qg7 37. Qd2 b6 38. Rg1 Qh7 39. Kh3 Bf7 40. Nd5 Nd7 41. Nb4 1-0

[Event "SWE-ch Masters 2018"]
[Site "Ronneby"]
[Date "2018.06.30"]
[Round "1"]
[White "Adler, Bo"]
[Black "Mattsson, Michael"]
[Result "1-0"]
[ECO "D10"]
[WhiteElo "2177"]
[BlackElo "2032"]
[Annotator "NA"]
[PlyCount "47"]
[EventDate "2018.06.30"]
[EventType "tourn"]
[EventCountry "SWE"]
[SourceTitle "playchess.com"]
[Source "ChessBase"]
[SourceQuality "1"]
[TimeControl "40/5400+30:1800+30"]

1. d4 d5 2. c4 c6 3. cxd5 cxd5 4. Bg5 Qa5+ 5. Nc3 Nf6 6. Bxf6 gxf6 7. e3 Nc6 8. a3 Bg7 9. Bd3 e5 10. Nge2 Be6 11. O-O O-O 12. Ng3 exd4 13. exd4 Nxd4 14. Bxh7+ Kxh7 15. Qxd4 Rac8 16. Qh4+ Kg8 17. Nh5 Rc4 18. f4 Qc5+ 19. Kh1 Rc8 20. Qg3 Qf8 21. f5 Kh8 22. fxe6 fxe6 23. Nxg7 Qxg7 24. Qh3+ 1-0

[Event "SWE-ch Masters 2018"]
[Site "Ronneby"]
[Date "2018.06.30"]
[Round "1"]
[White "Tiger Norqvist, Axel"]
[Black "Lindvall, Johannes"]
[Result "1/2-1/2"]
[ECO "C55"]
[WhiteElo "2158"]
[BlackElo "2010"]
[Annotator "NA"]
[PlyCount "78"]
[EventDate "2018.06.30"]
[EventType "tourn"]
[EventCountry "SWE"]
[SourceTitle "playchess.com"]
[Source "ChessBase"]
[SourceQuality "1"]
[TimeControl "40/5400+30:1800+30"]

1. e4 e5 2. Nf3 Nc6 3. d4 exd4 4. Bc4 Nf6 5. e5 d5 6. Bb5 Ne4 7. Nxd4 Bd7 8. Bxc6 bxc6 9. O-O Bc5 10. f3 Ng5 11. f4 Ne4 12. Be3 Bb6 13. Nc3 Nxc3 14. bxc3 O-O 15. Qd2 f6 16. Rae1 fxe5 17. fxe5 Rxf1+ 18. Rxf1 Qe7 19. e6 Bxe6 20. Nxc6 Qd6 21. Nd4 Re8 22. Qf2 Qd7 23. Nb3 Bf7 24. Nc5 Qe7 25. Bd4 Bg6 26. h3 Bxc2 27. Qxc2 Bxc5 28. Qf5 c6 29. Bxc5 Qxc5+ 30. Kh1 Qe7 31. Qd3 Qe2 32. Qf5 Qe7 33. Qd3 Qe4 34. Qg3 Qe2 35. Qf4 Qe7 36. Qa4 Qc5 37. Qg4 Qe7 38. Qa4 Qc5 39. Qg4 Qe7 1/2-1/2

[Event "SWE-ch Masters 2018"]
[Site "Ronneby"]
[Date "2018.06.30"]
[Round "1"]
[White "Neretljak, Nedzad"]
[Black "Nordahl, Nils"]
[Result "1-0"]
[ECO "B90"]
[WhiteElo "2108"]
[BlackElo "1839"]
[Annotator "NA"]
[PlyCount "53"]
[EventDate "2018.06.30"]
[EventType "tourn"]
[EventCountry "SWE"]
[SourceTitle "playchess.com"]
[Source "ChessBase"]
[SourceQuality "1"]
[TimeControl "40/5400+30:1800+30"]

1. e4 c5 2. Nf3 d6 3. d4 cxd4 4. Nxd4 Nf6 5. Nc3 a6 6. a4 Nc6 7. Be2 Bd7 8. O-O g6 9. f4 Bg7 10. Be3 O-O 11. Nb3 Be6 12. Bf3 Bxb3 13. cxb3 Nd7 14. Rf2 Qa5 15. Rc1 Rfd8 16. Nd5 Re8 17. b4 Qd8 18. b5 axb5 19. axb5 e6 20. bxc6 bxc6 21. Nc3 d5 22. exd5 cxd5 23. Nb5 Rb8 24. Nc7 Re7 25. Bd4 Nf6 26. Rfc2 Rc8 27. Nxe6 1-0

[Event "SWE-ch Masters 2018"]
[Site "Ronneby"]
[Date "2018.06.30"]
[Round "1"]
[White "Palmblad, Jan Peter"]
[Black "Nyander, Joakim"]
[Result "0-1"]
[ECO "B41"]
[WhiteElo "2099"]
[BlackElo "2203"]
[Annotator "NA"]
[PlyCount "98"]
[EventDate "2018.06.30"]
[EventType "tourn"]
[EventCountry "SWE"]
[SourceTitle "playchess.com"]
[Source "ChessBase"]
[SourceQuality "1"]
[TimeControl "40/5400+30:1800+30"]

1. e4 c5 2. Nf3 e6 3. d4 cxd4 4. Nxd4 a6 5. c4 Nf6 6. Nc3 Qc7 7. Be3 b6 8. Rc1 Bb7 9. f3 Be7 10. a3 O-O 11. Qd2 d6 12. b4 Nbd7 13. Qf2 Rac8 14. Nb3 Rfe8 15. Na4 Bd8 16. Be2 Bc6 17. b5 Bb7 18. O-O Nc5 19. Naxc5 dxc5 20. a4 axb5 21. cxb5 Nd7 22. Nd2 Ra8 23. Ra1 Bf6 24. Ra2 Red8 25. f4 Bc3 26. Nb1 Bd4 27. Rc1 e5 28. Bxd4 exd4 29. Bd3 Nf6 30. Nd2 Ng4 31. Qg3 Ne3 32. a5 Rxa5 33. Rxa5 bxa5 34. Qg5 Rc8 35. Nc4 h6 36. Qh4 Nxc4 37. Rxc4 Re8 38. f5 f6 39. Qe1 Bd5 40. Ra4 Qf4 41. g3 Qf3 42. Qf1 Qe3+ 43. Kg2 Bxe4+ 44. Bxe4 Qxe4+ 45. Kh3 Re5 46. Rxa5 Rxf5 47. Qc4+ Kh7 48. Qf7 Qf3 49. Kh4 Rg5 0-1

[Event "SWE-ch Masters 2018"]
[Site "Ronneby"]
[Date "2018.06.30"]
[Round "1"]
[White "Tegler, Erik"]
[Black "Laksman, Efraim"]
[Result "1/2-1/2"]
[ECO "B24"]
[WhiteElo "2073"]
[BlackElo "2184"]
[Annotator "NA"]
[PlyCount "60"]
[EventDate "2018.06.30"]
[EventType "tourn"]
[EventCountry "SWE"]
[SourceTitle "playchess.com"]
[Source "ChessBase"]
[SourceQuality "1"]
[TimeControl "40/5400+30:1800+30"]

1. e4 c5 2. Nc3 Nc6 3. g3 g6 4. Bg2 Bg7 5. d3 Nf6 6. Be3 d6 7. h3 O-O 8. Qd2 Nd4 9. Nd1 Nd7 10. c3 Nc6 11. Bh6 Rb8 12. Bxg7 Kxg7 13. Ne3 b5 14. Ne2 b4 15. O-O bxc3 16. bxc3 Ba6 17. Rfb1 Qa5 18. Qc2 Nde5 19. Nc1 Rxb1 20. Rxb1 Rc8 21. f4 Nd7 22. Ne2 Qd8 23. Bf1 Rb8 24. Nc1 Rxb1 25. Qxb1 Qb6 26. Qxb6 Nxb6 27. Kf2 e5 28. Nd5 exf4 29. Nxf4 Bc8 30. Ke3 f5 1/2-1/2

[Event "SWE-ch Masters 2018"]
[Site "Ronneby"]
[Date "2018.06.30"]
[Round "1"]
[White "Carlsson, Andreas"]
[Black "Mardell, Jimmy"]
[Result "0-1"]
[ECO "A46"]
[WhiteElo "2029"]
[BlackElo "2173"]
[Annotator "NA"]
[PlyCount "36"]
[EventDate "2018.06.30"]
[EventType "tourn"]
[EventCountry "SWE"]
[SourceTitle "playchess.com"]
[Source "ChessBase"]
[SourceQuality "1"]
[TimeControl "40/5400+30:1800+30"]

1. d4 Nf6 2. Nf3 e6 3. e3 d5 4. c4 Be7 5. g3 O-O 6. Bg2 dxc4 7. Ne5 c5 8. O-O Nc6 9. Nxc6 bxc6 10. Bxc6 Rb8 11. dxc5 Qc7 12. Qa4 Nd5 13. e4 Rb4 14. Qa3 Qxc6 15. exd5 Qxc5 16. Be3 Qxd5 17. Bxa7 Rb7 18. Qe3 Rxa7 0-1

[Event "SWE-ch Masters 2018"]
[Site "Ronneby"]
[Date "2018.06.30"]
[Round "1"]
[White "Bit Narva, David"]
[Black "Petersson, Baldur Teodor"]
[Result "0-1"]
[ECO "B40"]
[WhiteElo "1926"]
[BlackElo "2153"]
[Annotator "NA"]
[PlyCount "80"]
[EventDate "2018.06.30"]
[EventType "tourn"]
[EventCountry "SWE"]
[SourceTitle "playchess.com"]
[Source "ChessBase"]
[SourceQuality "1"]
[TimeControl "40/5400+30:1800+30"]

1. e4 c5 2. Nf3 e6 3. b3 d6 4. Bb2 e5 5. c3 Nf6 6. Bd3 Nc6 7. O-O g6 8. Re1 Bg7 9. Bb5 Bd7 10. d4 O-O 11. dxc5 dxc5 12. Nbd2 Qc7 13. Bxc6 Bxc6 14. b4 Rfd8 15. Qb3 Bd7 16. Nc4 Nh5 17. Ne3 Be6 18. c4 cxb4 19. Nd5 Bxd5 20. exd5 f6 21. Qxb4 Rac8 22. Rac1 Bh6 23. Rc3 Nf4 24. Qb3 Qd7 25. g3 Qg4 26. Kh1 Nh3 27. Kg2 e4 28. Nd4 Bd2 29. Rce3 Bxe1 30. Rxe1 Nf4+ 31. Kg1 Nd3 32. Re3 Nxb2 33. Qxb2 Qd1+ 34. Kg2 Rxc4 35. Ne6 Rc1 36. Kh3 Rxd5 37. g4 h5 38. f3 hxg4+ 39. fxg4 Qf1+ 40. Kh4 Rd7 0-1

[Event "SWE-ch Masters 2018"]
[Site "Ronneby"]
[Date "2018.07.01"]
[Round "2"]
[White "Nyander, Joakim"]
[Black "Adler, Bo"]
[Result "1-0"]
[ECO "A20"]
[WhiteElo "2203"]
[BlackElo "2177"]
[Annotator "NA"]
[PlyCount "73"]
[EventDate "2018.06.30"]
[EventType "tourn"]
[EventCountry "SWE"]
[SourceTitle "playchess.com"]
[Source "ChessBase"]
[SourceQuality "1"]
[TimeControl "40/5400+30:1800+30"]

1. c4 e5 2. g3 Nf6 3. Bg2 c6 4. d4 exd4 5. Qxd4 d5 6. Nf3 Be6 7. O-O dxc4 8. Qxd8+ Kxd8 9. Rd1+ {[%emt 0:07:26] A20: English Opening: 1...e5} Nbd7 10. Ng5 {[%emt 0:04:09] LiveBook: 7 Games} Ke8 11. Nd2 (11. Nxe6 fxe6 12. Bg5 Nd5 13. Bh3 Be7 14. Bd2 Bf6 15. Nc3 Ke7 16. Rac1 b5 {0-1 (40) Bocharov,D (2611)-Romanov,E (2619) Sochi 2016}) 11... Ne5 12. Nf1 $146 ({Predecessor:} 12. Nxe6 fxe6 13. Nf3 Nxf3+ 14. Bxf3 Rd8 15. Be3 Rxd1+ 16. Rxd1 Be7 17. Bxa7 {½-½ (50) Kerr,S (2479)-Saglione,E (2427) ICCF email 2013}) 12... Bc5 13. Nxe6 fxe6 14. Be3 Bxe3 15. Nxe3 Nd5 16. Nc2 Ke7 17. Rac1 (17. Rd4 $11) 17... Rad8 18. f4 Ng4 19. Bf3 Nge3 20. Nxe3 Nxe3 21. Rxd8 Rxd8 ({Of course not} 21... Kxd8 22. Kf2 $14) 22. Rc3 $1 Rd1+ $2 (22... Nf5 $15 {stays ahead.}) 23. Kf2 Nd5 24. Rxc4 Rd2 25. Ra4 Rxb2 26. Rxa7 $15 Kd6 27. a4 Nc7 28. h4 e5 29. fxe5+ Kxe5 30. Bxc6 bxc6 31. Rxc7 Kd6 32. Rxg7 c5 33. Rxh7 c4 34. Rh8 Kd7 35. Rg8 c3 36. Ke3 Rd2 37. Rg4 1-0

[Event "SWE-ch Masters 2018"]
[Site "Ronneby"]
[Date "2018.07.01"]
[Round "2"]
[White "Laksman, Efraim"]
[Black "Neretljak, Nedzad"]
[Result "1-0"]
[ECO "A29"]
[WhiteElo "2184"]
[BlackElo "2108"]
[Annotator "NA"]
[PlyCount "97"]
[EventDate "2018.06.30"]
[EventType "tourn"]
[EventCountry "SWE"]
[SourceTitle "playchess.com"]
[Source "ChessBase"]
[SourceQuality "1"]
[TimeControl "40/5400+30:1800+30"]

1. c4 e5 2. Nc3 Nf6 3. Nf3 Nc6 4. g3 d5 5. cxd5 Nxd5 6. Bg2 Nb6 7. O-O Be7 8. d3 O-O 9. Be3 f5 10. d4 {[%emt 0:19:00] A29: English Opening: Four Knights Variation with 4 g3} (10. Rc1 Kh8 11. a3 Bf6 12. Bc5 Re8 13. b4 Be6 14. Re1 Qd7 15. e4 a6 16. Bh3 g6 17. Be3 Qg7 18. Ng5 Bg8 19. Nf3 {1-0 (53) Aronian,L (2825)-Nakamura,H (2775) Moscow 2012 CBM 149 [Marin,M]}) 10... f4 11. d5 fxe3 12. dxc6 exf2+ 13. Kh1 $1 Qxd1 14. Raxd1 $146 ({Predecessor:} 14. Rfxd1 Nc4 15. Nxe5 Nxe5 16. cxb7 Bxb7 17. Bxb7 Rab8 {0-1 (30) Zhao,I (1645)-Solomon,S (2455) Ballarat 2017}) 14... Nc4 15. Rxf2 (15. Nd2 $11 Nxd2 16. cxb7 Bxb7 17. Rxd2) 15... bxc6 16. e4 Bc5 17. Re2 Bg4 18. Rd3 Rad8 19. Rxd8 Rxd8 20. h3 Bxf3 21. Bxf3 Rd3 22. Bg4 Kf7 23. Na4 Bd4 24. Rc2 Ne3 25. Rxc6 (25. Nc5 $17 Bxc5 26. Rxc5) 25... Nxg4 26. hxg4 Rxg3 27. Rxc7+ Kg6 28. Nc5 Rxg4 ({Don't play} 28... Bxb2 29. Ne6 $17) 29. b4 Bxc5 30. Rxc5 Rxe4 31. a3 Kf5 32. Ra5 g5 33. Rxa7 h5 34. b5 Kg4 35. Rc7 Re3 $19 36. Kg2 e4 37. a4 h4 38. b6 h3+ 39. Kh2 Re2+ 40. Kh1 Kg3 41. Rc1 Rb2 42. a5 e3 43. Ra1 e2 44. a6 h2 45. b7 Kh3 46. a7 Rd2 47. Ra3+ Kh4 48. Re3 g4 49. b8=Q 1-0

[Event "SWE-ch Masters 2018"]
[Site "Ronneby"]
[Date "2018.07.01"]
[Round "2"]
[White "Mardell, Jimmy"]
[Black "Walinder, Lars"]
[Result "1/2-1/2"]
[ECO "D36"]
[WhiteElo "2173"]
[BlackElo "2231"]
[Annotator "NA"]
[PlyCount "56"]
[EventDate "2018.06.30"]
[EventType "tourn"]
[EventCountry "SWE"]
[SourceTitle "playchess.com"]
[Source "ChessBase"]
[SourceQuality "1"]
[TimeControl "40/5400+30:1800+30"]

1. d4 d5 2. c4 e6 3. Nc3 Nf6 4. cxd5 exd5 5. Bg5 c6 6. Qc2 Nbd7 7. e3 Be7 8. Bd3 h6 9. Bh4 Nh5 10. Bxe7 Qxe7 11. Nge2 Nb6 12. O-O {[%emt 0:01:59] D36: Queen's Gambit Declined: Exchange Variation: Main line (5 Bg5 c6 6 Qc2)} O-O {[%emt 0:02:47] LiveBook: 17 Games} 13. Na4 (13. Rae1 Be6 14. Nc1 Rad8 15. Nb3 Rfe8 16. Nc5 Bc8 17. b4 Nc4 18. Qe2 Qg5 19. f4 Qh4 20. Bxc4 dxc4 {0-1 (37) Navara,D (2724)-Adams,M (2740) Biel 2015 CBM 168 [Krasenkow,M]}) 13... Nxa4 14. Qxa4 Bg4 15. b4 a6 16. Qb3 Bxe2 $146 ({Predecessor:} 16... Nf6 17. Rfc1 Bxe2 18. Bxe2 Ne4 19. Bf1 Qf6 {½-½ (70) Bartel,M (2260)-Smirnov,A (2478) Warsaw 2016}) 17. Bxe2 Nf6 18. a4 Ne4 19. Ra2 b5 20. Rc2 Rac8 21. Rfc1 Qd7 22. Bd3 Nd6 23. Rc5 Nc4 $14 24. e4 Rfe8 25. Qc2 Na3 26. Qb3 Nc4 27. Qc2 Na3 28. Qb3 Nc4 1/2-1/2

[Event "SWE-ch Masters 2018"]
[Site "Ronneby"]
[Date "2018.07.01"]
[Round "2"]
[White "Petersson, Baldur Teodor"]
[Black "Wengholm, Anders"]
[Result "1-0"]
[ECO "B00"]
[WhiteElo "2153"]
[BlackElo "2186"]
[Annotator "NA"]
[PlyCount "81"]
[EventDate "2018.06.30"]
[EventType "tourn"]
[EventCountry "SWE"]
[SourceTitle "playchess.com"]
[Source "ChessBase"]
[SourceQuality "1"]
[TimeControl "40/5400+30:1800+30"]

1. e4 d6 2. Nf3 Nf6 3. d3 g6 4. g3 Bg7 5. Bg2 O-O 6. O-O c5 7. c3 Nc6 8. Re1 b6 9. d4 Bb7 10. d5 Nb8 11. c4 Ng4 12. Qe2 Ne5 13. Nh4 Re8 14. f4 Ned7 15. Nc3 e6 16. Nb5 Nf6 $16 17. dxe6 Rxe6 18. e5 Nc6 19. Nxd6 Rxd6 20. exd6 Qxd6 21. Nf3 Re8 22. Qf1 Ne4 23. h3 f5 24. Ng5 Nd4 25. Qd3 Qc6 26. Rb1 h6 27. Nxe4 fxe4 28. Qd1 Nf5 29. g4 Nd4 30. b4 cxb4 31. Bb2 Qc5 32. Bxd4 Bxd4+ 33. Kh1 Bc3 34. Qd7 Bc6 35. Qxa7 Bxe1 36. Rxe1 e3 37. Re2 Qxc4 38. Qxb6 Qxe2 39. Qxc6 Kf7 40. Bd5+ Ke7 41. Qc7+ 1-0

[Event "SWE-ch Masters 2018"]
[Site "Ronneby"]
[Date "2018.07.01"]
[Round "2"]
[White "Svorono, Gabriel"]
[Black "Tiger Norqvist, Axel"]
[Result "0-1"]
[ECO "C11"]
[WhiteElo "2105"]
[BlackElo "2158"]
[Annotator "NA"]
[PlyCount "66"]
[EventDate "2018.06.30"]
[EventType "tourn"]
[EventCountry "SWE"]
[SourceTitle "playchess.com"]
[Source "ChessBase"]
[SourceQuality "1"]
[TimeControl "40/5400+30:1800+30"]

1. e4 e6 2. d4 d5 3. Nc3 Nf6 4. e5 Nfd7 5. f4 c5 6. Nf3 Nc6 7. Be3 a6 8. Qd2 b5 9. O-O-O {[%emt 0:00:50] C11: French: Classical System: 4 e5 and 4 Bg5 dxe4} (9. dxc5 Bxc5 10. Ne2 O-O 11. Ned4 Qb6 12. c3 b4 13. Bd3 a5 14. O-O Ba6 15. Kh1 Bxd3 16. Qxd3 Qa6 17. Qc2 bxc3 18. bxc3 {½-½ (31) Dominguez Perez,L (2739)-So,W (2788) Saint Louis 2017}) 9... Qb6 10. Kb1 c4 $146 ({Predecessor:} 10... cxd4 11. Nxd4 Nxd4 12. Bxd4 Bc5 13. Ne2 Bb7 14. Qe3 O-O-O 15. g3 Kb8 16. Bh3 g6 {½-½ (35) Rauch,U-Knippel,M Germany 2002}) 11. f5 $1 b4 12. Na4 Qa5 13. fxe6 Qxa4 (13... fxe6 $14 14. b3 Be7) 14. exd7+ Bxd7 15. b3 cxb3 16. cxb3 Qa5 17. Bd3 Be7 18. Bg5 (18. Qf2 $16) 18... h6 19. Bxe7 Nxe7 20. Rc1 O-O 21. Rhf1 Rac8 22. Ng1 Rxc1+ 23. Qxc1 Qb6 24. Ne2 $11 a5 25. a4 bxa3 26. Qxa3 Nc6 27. Qb2 Nb4 28. Nf4 Nxd3 29. Nxd3 Qg6 30. Qd2 a4 31. bxa4 Rb8+ 32. Ka1 Qa6 33. a5 Qc4 0-1

[Event "SWE-ch Masters 2018"]
[Site "Ronneby"]
[Date "2018.07.01"]
[Round "2"]
[White "Andersson, Paul"]
[Black "Carlsson, Andreas"]
[Result "1/2-1/2"]
[ECO "A13"]
[WhiteElo "2099"]
[BlackElo "2029"]
[Annotator "NA"]
[PlyCount "45"]
[EventDate "2018.06.30"]
[EventType "tourn"]
[EventCountry "SWE"]
[SourceTitle "playchess.com"]
[Source "ChessBase"]
[SourceQuality "1"]
[TimeControl "40/5400+30:1800+30"]

1. Nf3 d5 2. c4 e6 3. g3 f5 4. Bg2 Nf6 5. O-O c6 6. b3 Bd6 7. Bb2 O-O 8. e3 Qe7 9. d4 b6 10. Ne5 Bb7 11. Nd2 {[%emt 0:07:48] LiveBook: 32 Games} Nbd7 {[%emt 0:06:01] A90: Dutch Defence: Miscellaneous and Modern Stonewall (with ...Bd6)} 12. Ndf3 (12. Qe2 Ne4 13. Nxd7 Qxd7 14. Nf3 c5 15. Rfd1 Qe7 16. Ne5 Bxe5 17. dxe5 dxc4 18. bxc4 {0-1 (49) Melkumyan,H (2664)-Adhiban,B (2650) chess.com INT 2018}) 12... Ne4 13. Nxd7 Qxd7 14. cxd5 cxd5 15. Qe2 $146 ({Predecessor:} 15. Ne5 Qe7 16. f3 Nf6 17. Rf2 Ba6 18. Rc2 Rac8 19. Rac1 Rxc2 20. Rxc2 Qb7 21. Qc1 Rc8 22. Rxc8+ Qxc8 23. Qxc8+ Bxc8 24. Nc6 {½-½ (24) Kunz,H (1790)-Baumgartner,J (1880) Bayern 2002}) 15... a5 16. Rfc1 Ba6 17. Qd1 Rfc8 18. Rxc8+ Rxc8 19. Rc1 Rc7 20. Nd2 Rxc1 21. Qxc1 Nxd2 22. Qxd2 Qc6 23. f3 $15 1/2-1/2

[Event "SWE-ch Masters 2018"]
[Site "Ronneby"]
[Date "2018.07.01"]
[Round "2"]
[White "Mattsson, Michael"]
[Black "Bit Narva, David"]
[Result "1-0"]
[ECO "B06"]
[WhiteElo "2032"]
[BlackElo "1926"]
[Annotator "NA"]
[PlyCount "63"]
[EventDate "2018.06.30"]
[EventType "tourn"]
[EventCountry "SWE"]
[SourceTitle "playchess.com"]
[Source "ChessBase"]
[SourceQuality "1"]
[TimeControl "40/5400+30:1800+30"]

1. e4 g6 2. d4 Bg7 3. Nc3 d6 4. Be3 a6 5. Qd2 Nd7 6. h4 {[%emt 0:00:09] B06: Moderne Verteidigung} h6 7. O-O-O b5 8. f4 Ngf6 (8... h5 $11 {remains equal.}) 9. e5 Ng4 10. Nf3 $146 ({Vorgänger:} 10. h5 Nb6 11. hxg6 fxg6 12. Nf3 O-O 13. Bg1 Bf5 {1-0 (48) Morozevich,A (2711)-Shariyazdanov,A (2535) Kazan 2015}) 10... e6 11. h5 Nxe3 12. Qxe3 g5 13. exd6 cxd6 14. Bd3 Nf6 15. fxg5 hxg5 16. h6 ({Don't play} 16. Nxg5 $6 Bh6 $11) 16... Bxh6 17. Rxh6 Rxh6 18. Nxg5 Ng4 19. Qf4 f5 20. Re1 Rg6 21. Be4 Ra7 ({Natürlich nicht} 21... Rxg5 $6 22. Bxa8 Rh5 23. Kb1 $14) ({Besser ist} 21... Qxg5 $15 22. Qxg5 Rxg5 23. Bxa8 Kf7) 22. Bc6+ $19 (22. Bxf5 $1 $11 {and White is okay.} Qxg5 23. Bxg6+ Qxg6 24. Qxd6 Qg5+ 25. Kb1) 22... Kf8 23. Nf3 d5 24. Nxd5 exd5 25. Re8+ Qxe8 26. Bxe8 Kxe8 27. Qb8 Re7 28. Qxc8+ Kf7 29. Qxf5+ Kg7 30. Nh4 Re1+ 31. Kd2 Rd1+ 32. Ke2 1-0

[Event "SWE-ch Masters 2018"]
[Site "Ronneby"]
[Date "2018.07.01"]
[Round "2"]
[White "Lindvall, Johannes"]
[Black "Tegler, Erik"]
[Result "0-1"]
[ECO "C97"]
[WhiteElo "2010"]
[BlackElo "2073"]
[Annotator "NA"]
[PlyCount "132"]
[EventDate "2018.06.30"]
[EventType "tourn"]
[EventCountry "SWE"]
[SourceTitle "playchess.com"]
[Source "ChessBase"]
[SourceQuality "1"]
[TimeControl "40/5400+30:1800+30"]

1. e4 e5 2. Nf3 Nc6 3. Bb5 a6 4. Ba4 Nf6 5. O-O d6 6. Re1 b5 7. Bb3 Be7 8. c3 O-O 9. h3 Na5 10. Bc2 c5 11. d4 Qc7 12. Nbd2 Re8 13. Nf1 Bf8 14. Ng3 {[%emt 0:04:34] LiveBook: 3 Games C97: Closed Ruy Lopez: Chigorin Defence: 11 d4 Qc7, sidelines} g6 15. Bg5 (15. d5 c4 16. Bg5 Bg7 17. Qd2 Nb7 18. Nh4 Nc5 19. Bh6 Bxh6 20. Qxh6 Qe7 21. f4 exf4 22. Qxf4 {1-0 (75) Robson,R (2675)-Stukopin,A (2586) chess.com INT 2017}) 15... Bg7 16. d5 h6 17. Bxf6 $146 ({Predecessor:} 17. Bc1 Nc4 18. b3 Nb6 19. Be3 Bd7 20. Qd2 Kh7 21. Qe2 c4 22. Bxb6 Qxb6 23. bxc4 {1-0 (67) Lounek,J (2337)-Schwarz,J (2292) Czechia 2003}) 17... Bxf6 18. b3 c4 19. b4 Nb7 20. Qd2 Kh7 21. h4 (21. a4 $11) 21... Bg4 22. Nh2 Bd7 23. h5 Bg5 24. Qe2 a5 25. a3 Ra6 26. Ngf1 Rea8 27. Rad1 (27. a4 $11 {remains equal.}) 27... axb4 28. axb4 $17 Nd8 29. g3 Ra3 30. f4 exf4 31. hxg6+ fxg6 32. e5 dxe5 33. Qh5 Bf5 34. Bxf5 gxf5 35. gxf4 Bxf4 36. Qxf5+ Kg8 37. Re2 Ra2 38. Nd2 Qf7 39. Qe4 Kh8 40. Nhf3 Ra1 41. Nb1 Qg7+ 42. Rg2 Qh7 43. Rg6 Nf7 44. Qf5 Qxg6+ 45. Qxg6 Rg8 46. Nh4 Be3+ 47. Kg2 Rxg6+ 48. Nxg6+ Kg7 49. Nh4 Nd6 50. Kf3 Bg5 51. Kg4 Ne4 52. Kf5 Nf2 53. Rg1 e4 54. Ng2 Ra8 55. Ke6 Nh3 56. Re1 Ra2 57. Ne3 Nf4+ 58. Kd7 Re2 59. Rxe2 Nxe2 60. Nxc4 bxc4 61. b5 Nf4 62. b6 Nxd5 63. b7 Bf4 64. Nd2 Nb6+ 65. Kc6 e3 66. Ne4 Bb8 0-1

[Event "SWE-ch Masters 2018"]
[Site "Ronneby"]
[Date "2018.07.01"]
[Round "2"]
[White "Nordahl, Nils"]
[Black "Palmblad, Jan Peter"]
[Result "1/2-1/2"]
[ECO "B33"]
[WhiteElo "1839"]
[BlackElo "2099"]
[Annotator "NA"]
[PlyCount "131"]
[EventDate "2018.06.30"]
[EventType "tourn"]
[EventCountry "SWE"]
[SourceTitle "playchess.com"]
[Source "ChessBase"]
[SourceQuality "1"]
[TimeControl "40/5400+30:1800+30"]

1. e4 c5 2. Nf3 Nc6 3. d4 cxd4 4. Nxd4 Nf6 5. Nc3 e5 6. Ndb5 d6 7. Bg5 a6 8. Na3 b5 9. Nd5 Qa5+ 10. Bd2 Qd8 11. Bg5 Be7 12. Bxf6 Bxf6 13. Nxf6+ Qxf6 14. c3 O-O 15. Bd3 Ne7 16. O-O Bb7 17. Nc2 d5 18. Qe2 Ng6 19. g3 $2 {[%emt 0:00:40] [#]} (19. exd5 $11 {and White stays safe.} Bxd5 20. Ne3) 19... Qe6 $2 ({Black should try} 19... Nf4 $1 $19 20. Qe3 (20. gxf4 $2 Qg6+ 21. Kh1 dxe4 $19) 20... Rfd8 21. exd5 (21. gxf4 $2 exf4 22. Qf3 Qg6+ 23. Kh1 dxe4 $19) 21... Nxd3 22. Qxd3 Rxd5) 20. Rad1 {[%emt 0:08:00] [#]} (20. f3 $11 {remains equal.}) 20... Rad8 (20... Nf4 $1 $17 21. Qe3 (21. gxf4 $2 Qg6+ 22. Kh1 dxe4 $19) 21... Nxd3 22. Qxd3 dxe4) 21. a3 dxe4 22. Bxe4 Bxe4 (22... Nf4 $5 23. Qe3 (23. gxf4 $2 Bxe4 24. Qxe4 Rxd1 $19) 23... Bxe4 24. Qxe4 Nh3+ 25. Kg2 Ng5 $15) 23. Qxe4 f5 24. Qe2 Qb3 25. Nb4 Qe6 26. Rxd8 Rxd8 27. Rd1 Rd6 28. Rxd6 Qxd6 29. Qd3 Qxd3 30. Nxd3 Kf7 31. Nc5 Ke7 32. Nxa6 Kd6 33. Nb4 Kc5 ({Black should try} 33... Nf8 $14) 34. b3 e4 35. Kf1 Ne5 36. Ke2 g5 37. h3 ({Lieber} 37. Nc2 $16) 37... f4 38. Nc2 Nd3 ({Black should play} 38... Nf3 $1 $14) 39. Nd4 Kd5 40. h4 ({Much worse is} 40. Nxb5 Nc1+ 41. Ke1 Nxb3 $11) 40... gxh4 41. gxh4 b4 $2 (41... f3+ $16 42. Kf1 Kc5) 42. axb4 Ne5 43. b5 $18 f3+ 44. Ke1 Kc5 45. Ne6+ Kxb5 46. Ng5 h6 47. Nxe4 Ng6 48. h5 Nf4 49. Nd6+ Kc5 50. Nf5 Nxh5 51. Nxh6 Nf6 52. Nf5 Ne4 53. Nd4 Nxc3 54. Nxf3 Kd5 55. Kd2 Ne4+ 56. Ke3 Nc3 57. Nd2 Nd1+ 58. Ke2 Nc3+ 59. Kd3 Nb5 60. f4 Nd4 61. b4 Nc6 62. b5 Nb4+ 63. Kc3 Kc5 64. b6 Nd5+ 65. Kd3 Nxf4+ 66. Ke4 1/2-1/2